| TOP OF THE 1ST |
|
Tidewater Tides batting - Pitching for Rochester Red Wings : LHP Alex Gonzales
|
|
Pitching: LHP Alex Gonzales
|
|
|
Batting: RHB Juan Garcia
|
0-0: Called Strike 0-1: Foul Ball, location: 2F 0-2: Strikes out swinging
|
|
Batting: RHB German Rivera
|
0-0: Ball 1-0: DOUBLE (Groundball, 5L, EV 103.1 MPH)
|
|
Batting: RHB Brad Komminsk
|
0-0: Swinging Strike 0-1: Foul Ball, location: 2F 0-2: Ground out U3 (Groundball, 34, EV 82.5 MPH) German Rivera to third
|
|
Batting: LHB Dave Kable
|
0-0: Called Strike 0-1: Foul Ball, location: 2F 0-2: SINGLE (Flyball, 78S, EV 93.1 MPH) German Rivera scores
|
|
Batting: RHB Mike Rex
|
0-0: Ball 1-0: Called Strike Dave Kable is caught stealing 2nd base 2-4
|
| Top of the 1st over - 1 run, 2 hits, 0 errors, 0 left on base; Tidewater 1 - Rochester 0 |
| BOTTOM OF THE 1ST |
|
Rochester Red Wings batting - Pitching for Tidewater Tides : RHP Bill Long
|
|
Pitching: RHP Bill Long
|
|
|
Batting: RHB Johnnie LeMaster
|
0-0: Fly out, F4 (Flyball, 34D, EV 85.0 MPH)
|
|
Batting: LHB Ed Amelung
|
0-0: Foul Ball, location: 2F 0-1: Foul Ball, location: 2F 0-2: Foul Ball, location: 2F 0-2: Fly out, F8 (Line Drive, 8RM, EV 85.0 MPH)
|
|
Batting: SHB Jordan Ayala
|
0-0: Ball 1-0: Ball 2-0: Ball 3-0: Called Strike 3-1: Base on Balls
|
|
Batting: RHB Joe Carter
|
0-0: Ball 1-0: Ball 2-0: Fielders Choice at 2nd, 6-4 (Groundball, 6, EV 84.4 MPH)
|
| Bottom of the 1st over - 0 runs, 0 hits, 0 errors, 1 left on base; Tidewater 1 - Rochester 0 |
| TOP OF THE 2ND |
|
Tidewater Tides batting - Pitching for Rochester Red Wings : LHP Alex Gonzales
|
|
Batting: RHB Mike Rex
|
0-0: Ground out 4-3 (Groundball, 34, EV 100.6 MPH)
|
|
Batting: RHB George Gomez
|
0-0: Foul Ball, location: 2F 0-1: Ball 1-1: Foul Ball, location: 2F 1-2: SOLO HOME RUN (Flyball, 7D, EV 93.1 MPH), Distance : 359 ft
|
|
Batting: RHB Thomas Walker
|
0-0: Foul Ball, location: 2F 0-1: Ball 1-1: Ball 2-1: Ground out 6-3 (Groundball, 6, EV 101.9 MPH)
|
|
Batting: LHB Mike Martin
|
0-0: DOUBLE (Groundball, 5L, EV 100.6 MPH)
|
|
Batting: SHB Julio Valdez
|
0-0: Called Strike 0-1: Ball 1-1: Foul Ball, location: 2F 1-2: Ball 2-2: Ball 3-2: Strikes out looking
|
| Top of the 2nd over - 1 run, 2 hits, 0 errors, 1 left on base; Tidewater 2 - Rochester 0 |
| BOTTOM OF THE 2ND |
|
Rochester Red Wings batting - Pitching for Tidewater Tides : RHP Bill Long
|
|
Batting: RHB Bob Pate
|
0-0: Ball 1-0: Foul Ball, location: 2F 1-1: Called Strike 1-2: Strikes out looking
|
|
Batting: RHB Chris Johnston
|
0-0: Foul Ball, location: 2F 0-1: Ball 1-1: Fly out, F9 (Flyball, 9S, EV 81.3 MPH)
|
|
Batting: LHB Dave Falcone
|
0-0: Foul Ball, location: 2F 0-1: Ball 1-1: Ball 2-1: Ball 3-1: Ground out 5-3 (Groundball, 56, EV 84.4 MPH)
|
| Bottom of the 2nd over - 0 runs, 0 hits, 0 errors, 0 left on base; Tidewater 2 - Rochester 0 |
| TOP OF THE 3RD |
|
Tidewater Tides batting - Pitching for Rochester Red Wings : LHP Alex Gonzales
|
|
Batting: RHB Juan Garcia
|
0-0: Ball 1-0: Ball 2-0: Ball 3-0: Called Strike 3-1: Called Strike 3-2: SINGLE (Line Drive, 7S, EV 94.4 MPH)
|
|
Batting: RHB German Rivera
|
0-0: Ball 1-0: Called Strike 1-1: Ball 2-1: Grounds into double play, 5-4-3 (Groundball, 5, EV 93.1 MPH)
|
|
Batting: RHB Brad Komminsk
|
0-0: Ball 1-0: Ball 2-0: Ball 3-0: Called Strike 3-1: Foul Ball, location: 2F 3-2: Base on Balls
|
|
Batting: LHB Dave Kable
|
0-0: Called Strike 0-1: Fly out, F7 (Flyball, 7LD, EV 90.6 MPH)
|
| Top of the 3rd over - 0 runs, 1 hit, 0 errors, 1 left on base; Tidewater 2 - Rochester 0 |
| BOTTOM OF THE 3RD |
|
Rochester Red Wings batting - Pitching for Tidewater Tides : RHP Bill Long
|
|
Batting: RHB Tom Brookens
|
0-0: Foul Ball, location: 2F 0-1: Ball 1-1: Ball 2-1: Foul Ball, location: 2F 2-2: Foul Ball, location: 2F 2-2: Foul Ball, location: 2F 2-2: Foul Ball, location: 2F 2-2: Ball 3-2: Foul Ball, location: 2F 3-2: Ground out 1-3 (Groundball, 13, EV 60.0 MPH)
|
|
Batting: RHB Jerry Dybzinski
|
0-0: Ground out 2-3 (Groundball, 15S, EV 66.3 MPH)
|
|
Batting: RHB Johnnie LeMaster
|
0-0: Called Strike 0-1: Called Strike 0-2: Ground out 6-3 (Groundball, 56D, EV 110.0 MPH)
|
| Bottom of the 3rd over - 0 runs, 0 hits, 0 errors, 0 left on base; Tidewater 2 - Rochester 0 |
| TOP OF THE 4TH |
|
Tidewater Tides batting - Pitching for Rochester Red Wings : LHP Alex Gonzales
|
|
Batting: RHB Mike Rex
|
0-0: Swinging Strike 0-1: Foul Ball, location: 2F 0-2: Ball 1-2: Foul Ball, location: 2F 1-2: Foul Ball, location: 2F 1-2: Ball 2-2: Fly out, F8 (Line Drive, 8LM, EV 101.3 MPH)
|
|
Batting: RHB George Gomez
|
0-0: Foul Ball, location: 2F 0-1: SINGLE (Groundball, P, EV 86.9 MPH) (infield hit)
|
|
Batting: RHB Thomas Walker
|
0-0: Ball 1-0: Foul Ball, location: 2F 1-1: Called Strike 1-2: Ball 2-2: Ball 3-2: Strikes out swinging
|
|
Batting: LHB Mike Martin
|
0-0: Foul Ball, location: 2F 0-1: Ball 1-1: Called Strike 1-2: Fly out, F8 (Flyball, 8LXD, EV 95.6 MPH)
|
| Top of the 4th over - 0 runs, 1 hit, 0 errors, 1 left on base; Tidewater 2 - Rochester 0 |
| BOTTOM OF THE 4TH |
|
Rochester Red Wings batting - Pitching for Tidewater Tides : RHP Bill Long
|
|
Batting: LHB Ed Amelung
|
0-0: Called Strike 0-1: Fly out, F8 (Flyball, 78XD, EV 86.9 MPH)
|
|
Batting: SHB Jordan Ayala
|
0-0: SINGLE (Groundball, 34D, EV 94.4 MPH)
|
|
Batting: RHB Joe Carter
|
0-0: Ball Jordan Ayala is caught stealing 2nd base 2-4 1-0: Called Strike 1-1: Called Strike 1-2: Fly out, F3 (Popup, 34S, EV 75.0 MPH)
|
| Bottom of the 4th over - 0 runs, 1 hit, 0 errors, 0 left on base; Tidewater 2 - Rochester 0 |
| TOP OF THE 5TH |
|
Tidewater Tides batting - Pitching for Rochester Red Wings : LHP Alex Gonzales
|
|
Batting: SHB Julio Valdez
|
0-0: Fly out, F8 (Flyball, 78D, EV 109.4 MPH)
|
|
Batting: RHB Juan Garcia
|
0-0: Called Strike 0-1: Ball 1-1: Ball 2-1: SINGLE (Groundball, 34D, EV 96.9 MPH)
|
|
Batting: RHB German Rivera
|
0-0: DOUBLE (Line Drive, 9LM, EV 108.1 MPH) Juan Garcia to third Runner from 3rd tries for Home, SAFE, throw by RF to home
|
|
Batting: RHB Brad Komminsk
|
0-0: Fly out, F8 (Line Drive, 8RM, EV 85.0 MPH)
|
|
Batting: LHB Dave Kable
|
0-0: Ball 1-0: Foul Ball, location: 2F 1-1: Swinging Strike 1-2: Ball 2-2: Ball 3-2: Fly out, F6 (Popup, 6S, EV 75.0 MPH)
|
| Top of the 5th over - 1 run, 2 hits, 0 errors, 1 left on base; Tidewater 3 - Rochester 0 |
| BOTTOM OF THE 5TH |
|
Rochester Red Wings batting - Pitching for Tidewater Tides : RHP Bill Long
|
|
Batting: RHB Bob Pate
|
0-0: SINGLE (Groundball, 56D, EV 94.4 MPH)
|
|
Batting: RHB Chris Johnston
|
0-0: DOUBLE (Line Drive, 7LD, EV 105.0 MPH) Bob Pate to third Runner from 3rd tries for Home, SAFE, no throw by LF
|
|
Batting: LHB Dave Falcone
|
0-0: Ball 1-0: Ball 2-0: Ball 3-0: Ground out 4-3 (Groundball, 4, EV 92.5 MPH) Chris Johnston to third
|
|
Batting: RHB Tom Brookens
|
0-0: Swinging Strike 0-1: Foul Ball, location: 2F 0-2: Ground out 5-3 (Groundball, 56, EV 100.0 MPH) Chris Johnston scores
|
|
Batting: RHB Jerry Dybzinski
|
0-0: Ball 1-0: Called Strike 1-1: Foul Ball, location: 2F 1-2: Ball 2-2: Ball 3-2: Ground out 4-3 (Groundball, 4S, EV 85.6 MPH)
|
| Bottom of the 5th over - 2 runs, 2 hits, 0 errors, 0 left on base; Tidewater 3 - Rochester 2 |
| TOP OF THE 6TH |
|
Tidewater Tides batting - Pitching for Rochester Red Wings : LHP Alex Gonzales
|
|
Batting: RHB Mike Rex
|
0-0: Called Strike 0-1: Foul Ball, location: 2F 0-2: Ball 1-2: Ground out 6-3 (Groundball, 6MS, EV 78.1 MPH)
|
|
Batting: RHB George Gomez
|
0-0: Foul Ball, location: 2F 0-1: Ball 1-1: Ground out 6-3 (Groundball, 56, EV 110.6 MPH)
|
|
Batting: RHB Thomas Walker
|
0-0: Ball 1-0: Called Strike 1-1: Foul Ball, location: 2F 1-2: Ball 2-2: Ball 3-2: Strikes out looking
|
| Top of the 6th over - 0 runs, 0 hits, 0 errors, 0 left on base; Tidewater 3 - Rochester 2 |
| BOTTOM OF THE 6TH |
|
Rochester Red Wings batting - Pitching for Tidewater Tides : RHP Bill Long
|
|
Batting: RHB Johnnie LeMaster
|
0-0: SINGLE (Groundball, 5L, EV 93.8 MPH)
|
|
Batting: LHB Ed Amelung
|
0-0: Called Strike 0-1: Called Strike 0-2: Foul Ball, location: 2F 0-2: Fly out, F2 (Popup, 2LF, EV 90.0 MPH)
|
|
Batting: SHB Jordan Ayala
|
0-0: Called Strike 0-1: Ball Johnnie LeMaster is caught stealing 2nd base 2-6 1-1: Ball 2-1: Ball 3-1: Base on Balls
|
|
Batting: RHB Joe Carter
|
0-0: Ball 1-0: Called Strike 1-1: Called Strike 1-2: Ball 2-2: Ball 3-2: Fly out, F8 (Flyball, 8RS, EV 97.5 MPH)
|
| Bottom of the 6th over - 0 runs, 1 hit, 0 errors, 1 left on base; Tidewater 3 - Rochester 2 |
| TOP OF THE 7TH |
|
Tidewater Tides batting - Pitching for Rochester Red Wings : LHP Alex Gonzales
|
|
Batting: LHB Mike Martin
|
0-0: Ball 1-0: Ball 2-0: Called Strike 2-1: Foul Ball, location: 2F 2-2: Foul Ball, location: 2F 2-2: Foul Ball, location: 2F 2-2: Ball 3-2: Foul Ball, location: 2F 3-2: Base on Balls
|
|
Batting: SHB Julio Valdez
|
0-0: Bunted foul 0-1: Bunted foul 0-2: Fielders Choice at 2nd, 6-4 (Groundball, 6D, EV 95.6 MPH)
|
|
Batting: RHB Juan Garcia
|
0-0: Called Strike 0-1: Ball 1-1: Called Strike 1-2: SINGLE (Line Drive, 6MD, EV 106.3 MPH) Julio Valdez to second
|
|
Batting: RHB German Rivera
|
0-0: Called Strike Julio Valdez steals 3rd base Juan Garcia to second 0-1: Ball 1-1: Ball 2-1: Fly out, F8 (Flyball, 89M, EV 94.4 MPH) Runner from 3rd tags up, SCORES, throw by CF
|
|
Batting: RHB Brad Komminsk
|
0-0: Intentional Walk
|
|
Batting: LHB Dave Kable
|
0-0: Ball 1-0: Called Strike 1-1: Called Strike 1-2: Strikes out swinging
|
| Top of the 7th over - 1 run, 1 hit, 0 errors, 2 left on base; Tidewater 4 - Rochester 2 |
| BOTTOM OF THE 7TH |
|
Rochester Red Wings batting - Pitching for Tidewater Tides : RHP Bill Long
|
|
Batting: RHB Bob Pate
|
0-0: Ball 1-0: Ball 2-0: Called Strike 2-1: Ball 3-1: Fly out, F9 (Flyball, 9, EV 90.6 MPH)
|
|
Batting: RHB Chris Johnston
|
0-0: Ball 1-0: Ball 2-0: Called Strike 2-1: Ball 3-1: Base on Balls
|
|
Batting: LHB Dave Falcone
|
0-0: Called Strike 0-1: Ball 1-1: Foul Ball, location: 2F 1-2: Ball 2-2: Grounds into double play, 3-6-3 (Groundball, 34, EV 103.1 MPH)
|
| Bottom of the 7th over - 0 runs, 0 hits, 0 errors, 0 left on base; Tidewater 4 - Rochester 2 |
| TOP OF THE 8TH |
|
Tidewater Tides batting - Pitching for Rochester Red Wings : LHP Alex Gonzales
|
|
Batting: RHB Mike Rex
|
0-0: Ball 1-0: Fly out, F9 (Flyball, 89M, EV 71.3 MPH)
|
|
Batting: RHB George Gomez
|
0-0: Swinging Strike 0-1: Ball 1-1: Ball 2-1: Foul Ball, location: 2F 2-2: Ball 3-2: Ground out 1-3 (Groundball, 15S, EV 63.8 MPH)
|
|
Batting: RHB Thomas Walker
|
0-0: Called Strike 0-1: Ball 1-1: Ball 2-1: Ball 3-1: Fly out, F7 (Flyball, 7, EV 91.9 MPH)
|
| Top of the 8th over - 0 runs, 0 hits, 0 errors, 0 left on base; Tidewater 4 - Rochester 2 |
| BOTTOM OF THE 8TH |
|
Rochester Red Wings batting - Pitching for Tidewater Tides : RHP Bill Long
|
|
Batting: RHB Tom Brookens
|
0-0: Ball 1-0: Fly out, F3 (Popup, 3L, EV 71.3 MPH)
|
|
Batting: RHB Jerry Dybzinski
|
0-0: Ball 1-0: Fly out, F8 (Flyball, 78M, EV 83.8 MPH)
|
|
Batting: RHB Johnnie LeMaster
|
0-0: Ball 1-0: Called Strike 1-1: Ball 2-1: Called Strike 2-2: Ground out 4-3 (Groundball, 4M, EV 102.5 MPH)
|
| Bottom of the 8th over - 0 runs, 0 hits, 0 errors, 0 left on base; Tidewater 4 - Rochester 2 |
| TOP OF THE 9TH |
|
Tidewater Tides batting - Pitching for Rochester Red Wings : LHP Alex Gonzales
|
|
Pitching: RHP Willie Mueller
|
|
|
Batting: LHB Mike Martin
|
0-0: Swinging Strike 0-1: Ball 1-1: Ball 2-1: Ball 3-1: Base on Balls
|
|
Batting: SHB Julio Valdez
|
0-0: Reached on error, E5 (Groundball, 25, EV 43.8 MPH) Mike Martin to second
|
|
Batting: RHB Juan Garcia
|
0-0: Sac Bunt to P - play at first, batter OUT! 1-3 Mike Martin to third Julio Valdez to second
|
|
Batting: RHB German Rivera
|
0-0: Ball 1-0: Ball 2-0: Called Strike 2-1: Fly out, F9 (Flyball, 9LS, EV 98.1 MPH)
|
|
Batting: RHB Brad Komminsk
|
0-0: Called Strike 0-1: Ground out 1-3 (Groundball, 13, EV 72.5 MPH)
|
| Top of the 9th over - 0 runs, 0 hits, 1 error, 2 left on base; Tidewater 4 - Rochester 2 |
| BOTTOM OF THE 9TH |
|
Rochester Red Wings batting - Pitching for Tidewater Tides : RHP Bill Long
|
|
Pitching: RHP Steve Murray
|
|
|
Batting: LHB Ed Amelung
|
0-0: Ball 1-0: Called Strike 1-1: Ball 2-1: Foul Ball, location: 2F 2-2: Strikes out swinging
|
|
Batting: SHB Jordan Ayala
|
0-0: Foul Ball, location: 2F 0-1: Foul Ball, location: 2F 0-2: Fly out, F8 (Line Drive, 8RM, EV 100.6 MPH)
|
|
Batting: RHB Joe Carter
|
0-0: Called Strike 0-1: Ball 1-1: Fly out, F3 (Popup, 3F, EV 72.5 MPH)
|
| Bottom of the 9th over - 0 runs, 0 hits, 0 errors, 0 left on base; Tidewater 4 - Rochester 2 |
|